 Dungeon Crawl Stone Soup version 0.18-b1-10-g3f7de93 (webtiles) character file.

39118 nikopol the Impaler (level 13, -4/119 HPs)
             Began as a Minotaur Berserker on Apr 28, 2016.
             Was an Elder of Trog.
             Slain by a spiny frog (13 damage)
             ... on level 6 of the Lair of Beasts on Apr 29, 2016.
             The game lasted 11:58:09 (17826 turns).

nikopol the Impaler (Minotaur Berserker)           Turns: 17826, Time: 11:58:09

Health: -4/119     AC: 21    Str: 24    XL:     13   Next: 67%
Magic:  12/12      EV: 18    Int:  4    God:    Trog [****..]
Gold:   1200       SH:  6    Dex: 13    Spells: 0 memorised, 12 levels left

rFire  . . .     SeeInvis .     M - +3 glaive (protect)
rCold  x . .     Gourm    .     n - +2 leather armour {rPois}
rNeg   + . .     Faith    .     (shield currently unavailable)
rPois  +         Spirit   .     O - +2 hat {MR+}
rElec  .         Dismiss  .     b - +0 cloak
rCorr  .         Reflect  +     r - +0 pair of gloves
SustAt .         Harm     .     (no boots)
MR     +++..                    m - +6 amulet of reflection
Stlth  +.........               K - ring of the Mutiny {rC- rN+ AC+4 Slay+2}
                                B - +1 ring of protection

@: lethally poisoned (-4 -> -5), exhausted, regenerating, slowed, very slow,
extremely resistant to hostile enchantments, very unstealthy
A: retaliatory headbutt, horns 2
a: Berserk, Trog's Hand, Brothers in Arms, Burn Spellbooks, Renounce Religion


You were on level 6 of the Lair of Beasts.
You worshipped Trog.
Trog was greatly pleased with you.
You were very hungry.

You visited 2 branches of the dungeon, and saw 17 of its levels.
You also visited: Ossuary.

You collected 1200 gold pieces.

Inventory:

Hand Weapons
 M - a +3 glaive of protection (weapon)
Missiles
 X - 4 javelins of returning (quivered)
 Z - a poisoned javelin
Armour
 b - a +0 cloak (worn)
 n - a +2 leather armour of poison resistance (worn)
 r - a +0 pair of gloves (worn)
 D - the +2 leather armour of Kyaqur {Dex+3}
   (You found it on level 1 of the Lair of Beasts)

   It affects your dexterity (+3).
 O - a +2 hat of magic resistance (worn)
Jewellery
 a - an uncursed ring of teleportation
 i - an uncursed amulet of guardian spirit
 l - an uncursed amulet of dismissal
 m - a +6 amulet of reflection (around neck)
 A - an uncursed ring of resist corrosion
 B - a +1 ring of protection (left hand)
 C - an uncursed ring of positive energy
 K - the ring of the Mutiny (right hand) {rC- rN+ AC+4 Slay+2}
   (You found it on level 9 of the Dungeon)

   [ring of protection]

   It affects your AC (+4).
   It affects your accuracy and damage with ranged weapons and melee attacks
   (+2).
   It makes you vulnerable to cold.
   It protects you from negative energy.
 N - an uncursed ring of see invisible
 Y - an uncursed ring of sustain attributes
Wands
 L - a wand of lightning (5/15)
 S - a wand of iceblast (9/15)
 V - a wand of acid (10/15)
Scrolls
 e - 21 scrolls of remove curse
 f - a scroll of immolation {unknown}
 g - 5 scrolls of identify
 p - 2 scrolls of fog
 t - 2 scrolls of recharging
 v - a scroll of acquirement {unknown}
 y - 3 scrolls of enchant weapon
 z - 2 scrolls of enchant armour
 F - 4 scrolls of teleportation
 H - a scroll of fear
Potions
 j - 2 potions of agility
 k - 5 potions of curing
 o - 2 potions of flight
 q - 5 potions of brilliance
 u - 5 potions of haste
 w - 3 potions of heal wounds
 x - 2 potions of magic
 I - 3 potions of invisibility
 R - a potion of cancellation
 U - 2 potions of might
Comestibles
 c - 10 bread rations
 d - 7 meat rations
 h - a royal jelly
 G - 4 slices of pizza
 J - 5 fruits
 T - a beef jerky


   Skills:
 + Level 12.4 Fighting
 * Level 16.1 Polearms
 + Level 9.5 Throwing
 + Level 11.6 Armour
 + Level 11.0 Dodging


You had 12 spell levels left.
You didn't know any spells.

Dungeon Overview and Level Annotations

Branches:
Dungeon (10/15)            Temple (0/1) D:7            Lair (7/8) D:10
 Shoals (0/4) Lair:6       Spider (0/4) Lair:5
  Slime: Lair:6-8       Orc: D:9-12

Altars:
Dithmenos
Elyvilon
Fedhas
Kikubaaqudgha
Okawaru
Pakellas
Qazlal
Zin
The Shining One

Shops:
D:6 %


Innate Abilities, Weirdness & Mutations

You reflexively headbutt those who attack you in melee.
You have a pair of horns on your head.


Message History

You headbutt the death yak, but do no damage.
You hit the spiny frog but do no damage.
Your headbutt misses the spiny frog.
The spiny frog is heavily wounded.
The blink frog blinks!
The spiny frog stings you!
* * * LOW HITPOINT WARNING * * *
You are poisoned.
The spiny frog poisons you! The death yak gores you!
* * * LOW HITPOINT WARNING * * *
The spiny frog closely misses you. You furiously retaliate!
You headbutt the spiny frog, but do no damage.
Your skin crawls.
You feel resistant to hostile enchantments.
You feel slightly more hungry.
You feel sick. The death yak barely misses you.
The spiny frog barely misses you. The death yak barely misses you.
Your two-headed ogre goes berserk!
You feel somewhat more hungry.
You feel sick. The spiny frog stings you.
* * * LOW HITPOINT WARNING * * *
The spiny frog stings you!
You die...

....#.#....#......#....###.##....
......#...#........P...##.......#
.....##....#......P..............
....###...........P....P#.......#
#.)..##....#.#..#.##....#..#...#.
...P.#....##............PPP.....#
......รท..........................
...............Y.................
................@F...............
..................O..............
.##.............P................
#.##...........P.P.F..PP.........
.....#.#....###P.......P...?#+...
.#...##.....####..#....P...##.##.
##...##......##.........##....P##
.#....#.....##.....P....#P.....P#
##...###.....##....+....#.......#


You could see a death yak, a spiny frog, a blink frog and a friendly two-headed
ogre (berserk).

Vanquished Creatures
  Gastronok (Lair:2)
  Maud (D:10)
  Snorg (Lair:3)
  Josephine (Lair:5)
  3 hydras
  2 death yaks (Lair:7)
  Nergalle (Lair:3)
  2 hill giants
  2 griffons
  20 elephants
  7 komodo dragons
  3 rime drakes
  11 spiny frogs
  A polar bear (Lair:5)
  A troll (D:10)
  15 blink frogs
  The ghost of Zhenya25pyc the Skirmisher, an amateur GrFi (D:4)
  A boulder beetle (Lair:6)
  Sigmund (D:4)
  2 wyverns
  5 wraiths (Lair:5)
  10 yaks
  A hungry ghost (D:9)
  4 basilisks (Lair:3)
  8 hippogriffs
  Menkaure (Ossuary)
  A soldier ant (D:10)
  Duvessa (D:7)
  9 porcupines
  9 water moccasins
  An orc warrior (D:10)
  3 sky beasts
  An ice beast (D:7)
  2 black bears (Lair:5)
  3 wolves (Lair:6)
  An eye of draining (D:10)
  6 ogres
  6 centaurs
  9 crocodiles
  2 big kobolds
  10 giant frogs
  3 gnoll sergeants (D:8)
  Dowan (D:7)
  6 scorpions
  A troll zombie (Ossuary)
  2 howler monkeys (D:10)
  8 killer bees
  4 electric eels
  3 crimson imps
  A wasp zombie (D:6)
  3 centaur zombies
  3 orc priests
  2 giant frog skeletons (D:4)
  A gnoll shaman (D:8)
  7 hounds
  A jelly (D:5)
  3 orc wizards
  A centaur skeleton (D:10)
  3 worker ants
  8 iguanas
  4 sheep (Lair:7)
  2 ogre zombies (Ossuary)
  A big kobold zombie (Ossuary)
  6 mummies (Ossuary)
  13 gnolls
  A howler monkey skeleton (D:7)
  8 adders
  29 river rats
  2 shadow imps
  4 adder zombies
  2 adder skeletons
  3 worms
  14 dart slugs
  7 giant geckos
  28 orcs
  8 bats
  3 giant cockroaches
  4 goblins
  7 hobgoblins
  10 jackals
  18 kobolds
  9 quokkas
  A ball python (D:5)
  5 giant newts
  3 goblin zombies (Ossuary)
  4 hobgoblin zombies (Ossuary)
  A jackal skeleton (D:5)
  7 kobold zombies (Ossuary)
  An orc zombie (Ossuary)
  5 quokka zombies
  6 rats
  4 rat zombies (Ossuary)
  4 plants
455 creatures vanquished.

Vanquished Creatures (collateral kills)
  A giant frog (Lair:1)
1 creature vanquished.

Vanquished Creatures (others)
  A centaur (D:8)
  4 plants (Lair:5)
5 creatures vanquished.

Grand Total: 461 creatures vanquished

Notes
Turn   | Place    | Note
--------------------------------------------------------------
     0 | D:1      | nikopol the Minotaur Berserker began the quest for the Orb.
     0 | D:1      | Reached XP level 1. HP: 19/19 MP: 0/0
   230 | D:1      | Reached XP level 2. HP: 27/27 MP: 1/1
   658 | D:2      | Reached ** piety under Trog
   658 | D:2      | Reached XP level 3. HP: 30/33 MP: 2/2
   682 | D:2      | Reached skill level 4 in Polearms
  1305 | D:3      | You fall through a shaft!
  1307 | D:4      | Noticed Sigmund
  1314 | D:4      | Killed Sigmund
  1314 | D:4      | Reached skill level 5 in Fighting
  1314 | D:4      | Reached XP level 4. HP: 39/42 MP: 3/3
  1314 | D:4      | Reached XP level 5. HP: 45/48 MP: 4/4
  1531 | D:4      | Noticed Zhenya25pyc's ghost (amateur GrFi)
  1602 | D:3      | Reached skill level 5 in Polearms
  1699 | D:3      | Found an ancient bone altar of Kikubaaqudgha.
  1898 | D:3      | Reached XP level 6. HP: 56/56 MP: 5/5
  2000 | D:3      | Found a shadowy altar of Dithmenos.
  2242 | D:3      | Found an oddly glowing altar of Pakellas.
  2344 | D:4      | Reached *** piety under Trog
  2476 | D:4      | Killed Zhenya25pyc's ghost
  2476 | D:4      | Reached skill level 1 in Throwing
  2674 | D:4      | Reached XP level 7. HP: 62/62 MP: 6/6
  2730 | D:4      | Reached skill level 6 in Polearms
  2868 | D:5      | Entered Level 5 of the Dungeon
  3398 | D:5      | Found a blossoming altar of Fedhas.
  3748 | D:5      | Reached skill level 5 in Armour
  4097 | D:6      | Reached skill level 7 in Polearms
  4623 | D:6      | Received a gift from Trog
  4968 | D:6      | Reached XP level 8. HP: 27/71 MP: 7/7
  5240 | D:6      | Reached skill level 5 in Dodging
  5453 | D:6      | Found Ojyupn's Food Shoppe.
  5679 | D:6      | Found a glowing golden altar of the Shining One.
  5681 | D:6      | Found an iron altar of Okawaru.
  5817 | D:7      | Reached skill level 8 in Polearms
  6013 | D:7      | Found a staircase to the Ecumenical Temple.
  6233 | D:7      | Upgraded the game from 0.18-b1-2-gd0c887e to 0.18-b1-10-g3f7de93
  6394 | D:7      | Reached XP level 9. HP: 70/79 MP: 8/8
  6631 | D:7      | Reached **** piety under Trog
  6631 | D:7      | Received a gift from Trog
  6876 | D:7      | Reached skill level 9 in Polearms
  6931 | D:7      | Noticed Dowan
  6933 | D:7      | Noticed Duvessa
  6937 | D:7      | Killed Duvessa
  6941 | D:7      | Killed Dowan
  7287 | D:8      | Found a sand-covered staircase.
  7296 | Ossuary  | Entered an ossuary
  7585 | Ossuary  | Noticed Menkaure
  7592 | Ossuary  | Killed Menkaure
  8055 | D:8      | Reached skill level 10 in Polearms
  8072 | D:8      | Reached skill level 5 in Throwing
  8073 | D:8      | HP: 1/81 [gnoll sergeant/trident (7)]
  8325 | D:8      | Received a gift from Trog
  8553 | D:8      | Reached XP level 10. HP: 55/90 MP: 9/9
  8554 | D:8      | Received a gift from Trog
  8900 | D:8      | Received a gift from Trog
  9495 | D:9      | Noticed a hill giant
  9503 | D:9      | Killed a hill giant
  9503 | D:9      | Reached skill level 11 in Polearms
  9992 | D:9      | Found a stormy altar of Qazlal.
 10003 | D:9      | Found a stormy altar of Qazlal.
 10181 | D:9      | Got a steaming bronze ring
 10197 | D:9      | Identified the ring of the Mutiny {rC- rN+ AC+4 Slay+2} (You found it on level 9 of the Dungeon)
 10238 | D:9      | Found a white marble altar of Elyvilon.
 10546 | D:10     | Entered Level 10 of the Dungeon
 10640 | D:10     | Reached ***** piety under Trog
 10770 | D:10     | Found a staircase to the Lair.
 10936 | D:10     | Noticed Maud
 10949 | D:10     | Killed Maud
 10949 | D:10     | Reached skill level 12 in Polearms
 10949 | D:10     | Reached XP level 11. HP: 86/97 MP: 10/10
 11117 | D:10     | Noticed a hill giant
 11126 | D:10     | Killed a hill giant
 11155 | D:10     | Received a gift from Trog
 11504 | Lair:1   | Entered Level 1 of the Lair of Beasts
 11515 | Lair:1   | Reached skill level 10 in Fighting
 11981 | Lair:1   | Got a fine leather armour
 12003 | Lair:1   | Identified the +2 leather armour of Kyaqur {Dex+3} (You found it on level 1 of the Lair of Beasts)
 12253 | Lair:2   | Reached skill level 13 in Polearms
 12743 | Lair:2   | Noticed Gastronok
 12759 | Lair:2   | Killed Gastronok
 12759 | Lair:2   | Reached XP level 12. HP: 51/108 MP: 11/11
 13261 | Lair:3   | Noticed Snorg
 13269 | Lair:3   | Killed Snorg
 13269 | Lair:3   | Reached skill level 10 in Armour
 13404 | Lair:3   | Noticed Nergalle
 13448 | Lair:3   | Killed Nergalle
 13448 | Lair:3   | Reached skill level 14 in Polearms
 13558 | Lair:3   | Received a gift from Trog
 13898 | Lair:3   | Received a gift from Trog
 14319 | Lair:3   | Reached skill level 10 in Dodging
 14917 | Lair:4   | Reached skill level 15 in Polearms
 14956 | Lair:4   | Reached XP level 13. HP: 116/117 MP: 12/12
 15376 | Lair:5   | Received a gift from Trog
 15502 | Lair:5   | Noticed Josephine
 15517 | Lair:5   | Killed Josephine
 15760 | Lair:5   | Found a hole to the Spider Nest.
 15921 | Lair:5   | Found a glowing silver altar of Zin.
 17067 | Lair:6   | Received a gift from Trog
 17563 | Lair:6   | Found a staircase to the Shoals.
 17754 | Lair:7   | Reached skill level 16 in Polearms
 17826 | Lair:6   | Slain by a spiny frog

Skill      XL: |  1  2  3  4  5  6  7  8  9 10 11 12 13 |
---------------+----------------------------------------+-----
Fighting       | 4 5 6 7 8 9 10 11 12 | 12.4
Armour         | 4 5 6 7 8 9 10 11 | 11.6
Polearms       | 4 5 7 8 10 12 13 15 16 | 16.1
Dodging        | 3 4 5 7 8 9 10 11 | 11.0
Throwing       | 1 2 3 5 6 7 8 9 |  9.5

Action                   |  1- 3 |  4- 6 |  7- 9 | 10-12 | 13-15 || total
-------------------------+-------+-------+-------+-------+-------++-------
Melee: Spear             |   156 |       |       |   216 |       ||   372
       Headbutt          |    18 |     7 |    35 |   122 |    53 ||   235
       Scythe            |       |    48 |   301 |    15 |       ||   364
       Trident           |       |       |       |   166 |       ||   166
       Glaive            |       |       |       |    81 |   194 ||   275
Throw: Tomahawk          |       |       |    63 |     8 |       ||    71
       Javelin           |       |       |    24 |   206 |    62 ||   292
Invok: Berserk           |     1 |     1 |     2 |     6 |     2 ||    12
       Burn Spellbooks   |       |       |       |     3 |     1 ||     4
       Trog's Hand       |       |       |       |       |     1 ||     1
       Brothers in Arms  |       |       |       |       |     1 ||     1
  Use: Scroll            |       |       |    12 |    15 |     5 ||    32
       Potion            |       |       |       |       |     1 ||     1
 Stab: Sleeping          |     2 |       |       |       |       ||     2
  Eat: Chunk             |     1 |     7 |    19 |    28 |    10 ||    65
       Pizza             |       |       |     1 |       |       ||     1
Armor: Animal skin       |     6 |       |       |       |       ||     6
       Ring mail         |    30 |    11 |    92 |       |       ||   133
       Leather armour    |       |       |     4 |    55 |    65 ||   124
Dodge: Dodged            |    44 |    21 |   146 |   155 |   153 ||   519
Block: Other             |     9 |    11 |    85 |    54 |    50 ||   209
       Reflection        |     1 |       |     6 |     2 |       ||     9
